 Dungeon Crawl Stone Soup version 0.27-a0-1319-geec4fb4e21 (webtiles) character file.

Game seed: 10157951879962903390

109 snetch the Magician (level 5, 0/35 HPs)
             Began as a Djinni Fire Elementalist on June 21, 2021.
             Was an Initiate of Ashenzari.
             Slain by a gnoll (5 damage)
             ... on level 4 of the Dungeon.
             The game lasted 00:08:03 (2446 turns).

snetch the Magician (Djinni Fire Elementalist)      Turns: 2446, Time: 00:08:05

Health: 0/35       AC:  2    Str:  7    XL:     5   Next: 13%
Gold:   123        EV: 11    Int: 18    God:    Ashenzari [......] SH:  3 Dex: 13

rFire    + + .     SeeInvis .   f - +0 flail
rCold    x . .     Faith    .   g - +0 buckler
rNeg     . . .     Spirit   .   a - +0 robe
rPois    ∞         Reflect  .   (no helmet)
rElec    .         Harm     .   (no cloak)
rCorr    .         Rampage  .   (no gloves)
Will     .....                  (boots unavailable)
Stlth    ++........             (no amulet)
HPRegen  0.11/turn              (no ring)
MPRegen  0.00/turn              (no ring)

@: flying
A: sickness immunity, fire resistance 2, cold vulnerability 1, float, innate
caster, hp casting, extra vitality 1
a: Renounce Religion, Curse Item


You were on level 4 of the Dungeon.
You worshipped Ashenzari.
Ashenzari was noncommittal.
You visited 1 branch of the dungeon, and saw 4 of its levels.

You collected 123 gold pieces.

Inventory:

Hand Weapons
 e - a +0 dagger
 f - a +0 flail (weapon)
 q - a +0 quarterstaff
Missiles
 d - 8 curare-tipped darts
 j - 39 stones
 o - 22 arrows
Armour
 a - a +0 robe (worn)
 g - a +0 buckler (worn)
 h - a +0 ring mail
Scrolls
 c - a scroll of acquirement
 l - 2 scrolls of enchant weapon
 m - a scroll of magic mapping
 s - a scroll of silence
Potions
 b - 2 potions of attraction
 i - a potion of mutation
 k - 2 potions of might
 n - 2 potions of haste
 p - a potion of brilliance
 r - a potion of heal wounds


   Skills:
 + Level 2.5 Dodging
 + Level 2.1 Stealth
 + Level 3.9 Spellcasting


You couldn't memorise any spells.
You knew the following spells:

 Your Spells              Type           Power      Damage    Failure   Level
a - Foxfire               Conj/Fire      68%        2x1d7     4%          1
b - Conjure Flame         Conj/Fire      17%        6-21      16%         3
c - Inner Flame           Hex/Fire       17%        N/A       16%         3
d - Sticky Flame          Conj/Fire      17%        2d4       45%         4
e - Fireball              Conj/Fire      8%         3d6       80%         5
f - Sandblast             Erth           34%        2d9       4%          1
g - Poisonous Vapours     Pois/Air       34%        N/A       8%          2
Your spell library was empty.

Dungeon Overview and Level Annotations

Branches:
Dungeon (4/15)
 Temple: D:4-7

Altars:
Ashenzari
Fedhas
The Shining One

Annotations:
D:3 Sigmund


Innate Abilities, Weirdness & Mutations

You are immune to sickness and miasma.
You are immune to poison.
Your flesh is very heat resistant. (rF++)
You are vulnerable to cold. (rC-)
You float through the air rather than walking.
You learn spells naturally, not from books.
Your magical power is your life essence.
You have superior vitality. (+4 HP)


Message History

Casting: Foxfire (safe; 5% risk of failure)
Press: ? - help, Q - select action, (/) - cycle Dir - look around, f - activate You conjure some foxfire!
The foxfire hits the gnoll.
You kill the gnoll!
The gnoll barely misses you. x2
You have reached level 5!
The power to cast Poisonous Vapours wells up from within.
Spell assigned to 'g'.
Casting: Foxfire (safe; 5% risk of failure)
Confirm with . or Enter, or press ? or * to list all spells.
Aiming: Poisonous Vapours (safe; 8% risk of failure)
Press: ? - help, Dir - move target, f - gnoll
Aim: a gnoll, wielding a +0 whip (ally target) Poisonous vapours surround the gnoll!
The gnoll is poisoned.
The foxfire hits the gnoll.
The gnoll is severely wounded.
The foxfire hits the gnoll.
The gnoll is almost dead.
The gnoll misses you. The gnoll hits you with a +0 whip.
* * * LOW HITPOINT WARNING * * *
Casting: Poisonous Vapours (safe; 8% risk of failure)
Confirm with . or Enter, or press ? or * to list all spells.
Aiming: Poisonous Vapours (safe; 8% risk of failure)
Press: ? - help, Dir - move target, f - gnoll, p - gnoll
Aim: a gnoll, wielding a +0 whip (almost dead) Poisonous vapours surround the gnoll!
The gnoll is poisoned.
* * * LOW HITPOINT WARNING * * *
The gnoll closely misses you.
You kill the gnoll!
Found a ring of positive energy.
Casting: Poisonous Vapours (safe; 8% risk of failure)
Confirm with . or Enter, or press ? or * to list all spells.
Aiming: Poisonous Vapours (safe; 8% risk of failure)
Press: ? - help, Dir - move target, f - jackal
Aim: a jackal Poisonous vapours surround the jackal!
The jackal is poisoned.
* * * LOW HITPOINT WARNING * * *
The jackal completely misses you. The gnoll hits you with a +0 whip.
You die...

#######
#.....#
#.....#
#.....#
#.....#
#.....#
#...@.###
#.$hg...#
#..)<.#..#
#.....#
.=.#
#...#[.#
#.#
#...##.# .
#... ..
#... #.#
#... .#


You could see a gnoll (poisoned) and a jackal (poisoned).

Vanquished Creatures
  An orc priest (D:3)
  2 gnolls (D:4)
  An adder (D:3)
  2 orcs (D:3)
  6 endoplasms
  A giant cockroach (D:3)
  3 goblins
  5 jackals (D:1)
  2 kobolds
  A quokka (D:3)
  3 ball pythons
  9 bats
  4 frilled lizards
  11 rats
51 creatures vanquished.

Vanquished Creatures (others)
  116 foxfires
116 creatures vanquished.

Grand Total: 167 creatures vanquished

Notes
Turn   | Place    | Note
-------+----------+-------------------------------------------
     0 | D:1      | snetch the Djinni Fire Elementalist began the quest for the
                  | Orb.
     0 | D:1      | Reached XP level 1. HP: 15/15 MP: 0/0
   163 | D:1      | Reached XP level 2. HP: 19/21 MP: 0/0
   288 | D:1      | Found a blossoming altar of Fedhas.
   534 | D:1      | Reached skill level 3 in Spellcasting
   646 | D:1      | Reached XP level 3. HP: 23/25 MP: 0/0
   646 | D:1      | Learned a level 1 spell: Sandblast
  1410 | D:2      | Found a faded altar of an unknown god.
  1417 | D:2      | Became a worshipper of Ashenzari the Shackled
  1417 | D:2      | Identified a scroll of acquirement
  1515 | D:3      | Noticed Sigmund
  1598 | D:2      | Found a glowing golden altar of the Shining One.
  2032 | D:3      | Reached XP level 4. HP: 30/31 MP: 0/0
  2442 | D:4      | Reached XP level 5. HP: 16/35 MP: 0/0
  2442 | D:4      | Learned a level 2 spell: Poisonous Vapours
  2446 | D:4      | Slain by a gnoll

Illustrated notes

Levels and vault maps discovered:
D:1:      dpeg_arrival_ratfight, layout_loops_ring, kennysheep_flooded_box,
          wad_floor_pattern_untrapped
D:2:      layout_basic, basic_altar, shapermc_ecumenical_altar_starsandcircs
D:3:      layout_basic, serial_curves, eino_curves_01, eino_curves_02,
          minmay_misc_feat_hallway, uniq_sigmund
D:4:      layout_rooms

Skill      XL: |  1  2  3 |
---------------+----------+-----
Spellcasting   | 3 |  3.9
Stealth        | 2 |  2.1
Dodging        | |  2.5

Action                   |  1- 3 |  4- 6 || total
-------------------------+-------+-------++-------
Melee: Flail             |     1 |       ||     1
 Cast: Foxfire           |    52 |    23 ||    75
       Poisonous Vapours |       |     3 ||     3
 Stab: Sleeping          |     1 |       ||     1
Armor: Robe              |     2 |     1 ||     3
Dodge: Dodged            |     6 |    13 ||    19

Table legend: (Time is in decaauts)
 A = Elapsed time spent in this place.
 B = Non-inter-level travel time spent in this place.
 C = Inter-level travel time spent in this place.
 D = Time resting spent in this place.
 E = Time spent auto-exploring this place.
 F = Levels seen in this place.
 G = Mean time per level.
                   A        B        C        D        E       F      G
               +--------+--------+--------+--------+--------+-----+--------+
         Total |   2451 |   2369 |     82 |      0 |   1862 |   4 |  612.8 |
       Dungeon |   2451 |   2369 |     82 |      0 |   1862 |   4 |  612.8 |
               +--------+--------+--------+--------+--------+-----+--------+

Top non-repeatable levels by time:
     D:1: 1148 daAuts
     D:2: 644 daAuts
     D:3: 601 daAuts
     D:4: 57 daAuts
